AoeStats
← Bullsey59

Nomad

504591518Analyzed
2v2 RM · 25d ago on Sep 5, 2026· 22m 52s· 4 players
Game mode
Random Map
Map size
176×176
Population
200
Speed
Normal
Resources
Standard
Victory
Conquest
Starting age
Dark Age
Ending age
Imperial Age
RankedLock teamsTeams togetherTeam positionsShared explorationLock speedFull tech treeHidden civsTurbo modeCheats
Victory
Defeat
🇩🇪 Romans · Germany
962
+15
🇩🇪 Malay · Germany
927
+17
🇩🇪 Bohemians · Germany
943
-46
🇩🇪 Franks · Germany
943
-46
Momo
5:52 Loom
16:30 Feudal Age
17:07 Double-Bit Axe
17:38 Horse Collar
20:15 Padded Archer Armor
20:05 Fletching
Bullsey59
14:04 Feudal Age
19:47 Castle Age
18:06 Forging
19:46 Scale Barding Armor
20:56 Gold Mining
Inatas
14:47 Feudal Age
13:05 Loom
15:35 Double-Bit Axe
18:07 Wheelbarrow
17:19 Fishing Lines
20:23 Castle Age
23:10 Bow Saw
ShaggyClumpOfHair
4:32 Loom
15:42 Feudal Age
15:57 Man-at-Arms
16:59 Double-Bit Axe
16:55 Horse Collar
17:08 Gold Mining
17:21 Scale Mail Armor
20:08 Wheelbarrow
21:24 Fishing Lines
Connection lost

Rejoining the realm…

Still unreachable

The connection could not be restored.

Session expired

The server has moved on; the page needs a fresh start.